[Event "DVM U20 2019"]
[Site "Braunschweig"]
[Date "2019.12.30"]
[Round "7"]
[White "Dechant, Georg"]
[Black "Elier, Ali"]
[Result "1/2-1/2"]
[ECO "C70"]
[WhiteElo "2065"]
[BlackElo "2032"]
[Annotator "NA"]
[PlyCount "102"]
[EventDate "2019.12.27"]
[EventType "team-tourn"]
[EventRounds "7"]
[EventCountry "GER"]
[SourceTitle "playchess.com"]
[Source "ChessBase"]
[SourceQuality "1"]
[WhiteTeam "SC Bavaria Regensburg"]
[BlackTeam "SF Brackel"]
[TimeControl "40/5400+30:1800+30"]

1. e4 e5 2. Nf3 Nc6 3. Bb5 a6 4. Ba4 b5 5. Bb3 Na5 6. O-O d6 7. d4 {[%emt 0:00:34] unterminated} exd4 8. Nxd4 Bb7 9. Nf5 {[%emt 0:02:45] C70: Ruy Lopez: 3...a6 4 Ba4, Norwegian and Delayed Schliemann} (9. c4 c5 10. Nf5 g6 11. Ne3 Bg7 12. cxb5 axb5 13. Bd5 Nf6 14. Bxb7 Nxb7 15. Nc3 b4 16. Ncd5 O-O 17. Qd3 Na5 18. a4 Re8 19. Nxf6+ Bxf6 20. Rb1 b3 21. Bd2 Nc6 22. Qxb3 Nd4 23. Qd3 Rxa4 {½-½ (23) Morozevich,A (2656)-Vallejo Pons,F (2688) Kazan 2019}) 9... g6 10. Ng3 Bg7 11. Nc3 Nxb3 $146 ({Predecessor:} 11... Ne7 12. f4 Qd7 13. f5 gxf5 14. exf5 Nxb3 15. axb3 Bxc3 16. bxc3 O-O-O {0-1 (32) Rasik,V (2470)-Pechac,J (2469) Pardubice 2019}) 12. axb3 Nf6 13. b4 O-O 14. Bg5 h6 15. Be3 {[%emt 0:00:06] unterminated} Qe7 {[%emt 0:21:36] unterminated} 16. Re1 Rfe8 {[%emt 0:03:43] unterminated} 17. f3 {[%emt 0:08:55] unterminated} Kh7 {[%emt 0:09:14] unterminated} 18. Qd2 {[%emt 0:12:23] unterminated} Nd7 {[%emt 0:09:27] unterminated} 19. Bd4 Bxd4+ {[%emt 0:04:09] unterminated} 20. Qxd4 Qe5 21. Qf2 {[%emt 0:01:03] unterminated} Nb6 22. f4 Qf6 {[%emt 0:02:59] unterminated} 23. e5 dxe5 {[%emt 0:00:50] unterminated} 24. Nge4 $11 Qf5 25. Nc5 Bc6 26. fxe5 Qxf2+ 27. Kxf2 Rad8 28. Re2 Nc4 29. e6 fxe6 30. Rxa6 Rd6 31. b3 Nb6 32. Kg3 e5 33. N3e4 Bxe4 34. Nxe4 Rc6 35. Ra5 Nd5 36. Rxb5 Nf4 37. Rd2 g5 38. Rc5 Rxc5 39. bxc5 Re7 40. c6 Kg6 41. Rd7 Kf7 42. Kf3 Ne6 43. Rxe7+ Kxe7 44. Kg4 Nd4 45. Kh5 Nxc2 46. Kxh6 Nd4 47. Kxg5 Nxc6 48. Kf5 Nd4+ 49. Kxe5 Nxb3 50. Kd5 Nc1 51. h4 Kf7 {[%emt 0:00:25] normal} 1/2-1/2

[Event "DVM U20 2019"]
[Site "Braunschweig"]
[Date "2019.12.30"]
[Round "7"]
[White "Garbuz, Vitaliy"]
[Black "Oberhofer, Cedric"]
[Result "1/2-1/2"]
[ECO "B21"]
[WhiteElo "2064"]
[BlackElo "2260"]
[Annotator "ChessBase"]
[PlyCount "55"]
[EventDate "2019.12.27"]
[EventType "team-tourn"]
[EventRounds "7"]
[EventCountry "GER"]
[SourceTitle "playchess.com"]
[Source "ChessBase"]
[SourceQuality "1"]
[WhiteTeam "SF Brackel"]
[BlackTeam "SC Bavaria Regensburg"]
[TimeControl "40/5400+30:1800+30"]

1. e4 c5 2. d4 cxd4 3. c3 g6 4. Nf3 d5 5. exd5 Qxd5 6. Qxd4 Nf6 7. Bc4 Qxd4 8. Nxd4 a6 9. O-O Bg7 10. Re1 e6 11. a4 Bd7 12. Nd2 O-O 13. N2b3 Nc6 14. Nxc6 Bxc6 15. Na5 Rac8 16. Nxc6 Rxc6 17. Be2 Nd5 18. Bf3 b5 19. axb5 axb5 20. Ra5 Rb6 21. Bxd5 exd5 22. Rd1 Re8 23. Be3 Rbb8 24. Rxd5 b4 25. cxb4 Rxb4 26. Rd7 Bd4 27. h3 Bxe3 28. fxe3 {[%emt 0:00:07] normal} 1/2-1/2

[Event "DVM U20 2019"]
[Site "Braunschweig"]
[Date "2019.12.30"]
[Round "7"]
[White "Yankelevich, Michael"]
[Black "Melde, Benjamin"]
[Result "1/2-1/2"]
[ECO "B23"]
[WhiteElo "2064"]
[BlackElo "2120"]
[Annotator "ChessBase"]
[PlyCount "67"]
[EventDate "2019.12.27"]
[EventType "team-tourn"]
[EventRounds "7"]
[EventCountry "GER"]
[SourceTitle "playchess.com"]
[Source "ChessBase"]
[SourceQuality "1"]
[WhiteTeam "SG Trier"]
[BlackTeam "SK Turm Kleve"]
[TimeControl "40/5400+30:1800+30"]

1. e4 c5 2. Nc3 a6 3. g3 b5 4. Bg2 Bb7 5. d3 e6 6. f4 d5 7. exd5 Nf6 8. Nf3 exd5 9. O-O Be7 10. h3 O-O 11. Ne2 d4 12. g4 Nc6 13. Ng3 Re8 14. Ng5 Qd7 15. N5e4 Nb4 16. Nxf6+ Bxf6 17. Ne4 Bxe4 18. Bxe4 Rad8 19. g5 Be7 20. f5 g6 21. a3 Nc6 22. h4 Bd6 23. h5 Rxe4 24. dxe4 Qe7 25. hxg6 hxg6 26. Qg4 Ne5 27. Qh3 Nc4 28. b3 Ne3 29. Bxe3 dxe3 30. Qxe3 Be5 31. Rad1 Bd4 32. Rxd4 Rxd4 33. fxg6 fxg6 {[%emt 0:01:27] normal} 34. Rf6 1/2-1/2

[Event "DVM U20 2019"]
[Site "Braunschweig"]
[Date "2019.12.30"]
[Round "7"]
[White "Martin III, Richard"]
[Black "Wegmer, Leon"]
[Result "0-1"]
[ECO "C02"]
[WhiteElo "2043"]
[BlackElo "1939"]
[Annotator "NA RC"]
[PlyCount "24"]
[EventDate "2019.12.27"]
[EventType "team-tourn"]
[EventRounds "7"]
[EventCountry "GER"]
[SourceTitle "playchess.com"]
[Source "ChessBase"]
[SourceQuality "1"]
[WhiteTeam "OSG Baden-Baden"]
[BlackTeam "Karlsruher SF"]
[TimeControl "40/5400+30:1800+30"]

1. e4 e6 2. d4 d5 3. e5 c5 4. c3 Nc6 5. Nf3 Qb6 6. Be2 cxd4 7. cxd4 Nge7 8. Nc3 Nf5 9. Na4 Qa5+ 10. Nc3 Bb4 11. g4 Nfxd4 12. Nxd4 Bxc3+ {[%emt 0:00:08] normal} 0-1

[Event "DVM U20 2019"]
[Site "Braunschweig"]
[Date "2019.12.30"]
[Round "7"]
[White "Kracht, Raphael"]
[Black "Gabler, Eric"]
[Result "0-1"]
[ECO "B21"]
[WhiteElo "2031"]
[BlackElo "2064"]
[Annotator "NA"]
[PlyCount "66"]
[EventDate "2019.12.27"]
[EventType "team-tourn"]
[EventRounds "7"]
[EventCountry "GER"]
[SourceTitle "playchess.com"]
[Source "ChessBase"]
[SourceQuality "1"]
[WhiteTeam "SF Brackel"]
[BlackTeam "SC Bavaria Regensburg"]
[TimeControl "40/5400+30:1800+30"]

1. e4 c5 2. d4 cxd4 3. c3 dxc3 4. Nxc3 d6 5. Bc4 Nc6 6. Nf3 e6 7. O-O Nf6 8. Qe2 Be7 9. Rd1 e5 10. Be3 O-O 11. Rac1 Be6 12. b4 Qe8 13. Bxe6 fxe6 14. Qc4 {[%emt 0:00:03] unterminated} Qc8 {[%emt 0:09:25] unterminated} 15. Qb3 {[%emt 0:02:48] unterminated} Ne8 {[%emt 0:16:50] unterminated} 16. b5 $16 ({White should play} 16. Na4) 16... Na5 17. Qb4 Bd8 18. Ne2 Qb8 19. Ng3 b6 20. h4 Qb7 21. h5 h6 22. Rc2 Bf6 23. Bc1 Rf7 24. Bb2 Rc8 25. Rxc8 Qxc8 26. Nf1 Rc7 27. Ne3 Qb7 28. a4 Qc8 29. Ba1 Rc1 30. Qe1 Rxd1 31. Qxd1 Qc5 32. Kh2 Be7 33. Ne1 Bg5 {[%emt 0:01:23] normal} 0-1

[Event "DVM U20 2019"]
[Site "Braunschweig"]
[Date "2019.12.30"]
[Round "7"]
[White "Kracht, Raphael"]
[Black "Gabler, Eric"]
[Result "*"]
[ECO "B21"]
[WhiteElo "2031"]
[BlackElo "2064"]
[Annotator "NA"]
[PlyCount "42"]
[EventDate "2019.12.27"]
[EventType "team-tourn"]
[EventRounds "7"]
[EventCountry "GER"]
[SourceTitle "playchess.com"]
[Source "ChessBase"]
[SourceQuality "1"]
[WhiteTeam "SF Brackel"]
[BlackTeam "SC Bavaria Regensburg"]
[TimeControl "40/5400+30:1800+30"]

1. e4 c5 2. d4 cxd4 3. c3 dxc3 4. Nxc3 d6 5. Bc4 Nc6 6. Nf3 Nf6 7. O-O e6 8. Qe2 Be7 9. Rd1 e5 10. Be3 O-O 11. Rac1 Be6 12. b4 Qe8 13. Bxe6 fxe6 14. Qc4 {[%emt 0:00:03] unterminated} Qc8 {[%emt 0:09:25] unterminated} 15. Qb3 {[%emt 0:02:48] unterminated} Ne8 {[%emt 0:16:50] unterminated} 16. b5 $16 ({White should play} 16. Na4) 16... Na5 17. Qb4 Bd8 18. Ne2 Qb8 19. Ng3 b6 20. h4 Qb7 21. h5 h6 {[%emt 0:12:51] unterminated} *

[Event "DVM U20 2019"]
[Site "Braunschweig"]
[Date "2019.12.30"]
[Round "7"]
[White "Keller, Yannik"]
[Black "Geltz, Noah"]
[Result "1/2-1/2"]
[ECO "B03"]
[WhiteElo "2020"]
[BlackElo "2054"]
[Annotator "NA"]
[PlyCount "120"]
[EventDate "2019.12.27"]
[EventType "team-tourn"]
[EventRounds "7"]
[EventCountry "GER"]
[SourceTitle "playchess.com"]
[Source "ChessBase"]
[SourceQuality "1"]
[WhiteTeam "Sges Bensheim"]
[BlackTeam "SF HN-Biberach"]
[TimeControl "40/5400+30:1800+30"]

1. e4 Nf6 2. e5 Nd5 3. d4 d6 4. c4 Nb6 5. f4 {[%emt 0:00:00] unterminated} dxe5 {[%emt 0:00:54] unterminated} 6. fxe5 Nc6 7. Be3 {[%emt 0:00:09] unterminated} Bf5 {[%emt 0:01:04] unterminated} 8. Nc3 e6 9. Nf3 {[%emt 0:00:34] unterminated} Bb4 {[%emt 0:02:17] unterminated} 10. Be2 {[%emt 0:04:21] unterminated} O-O {[%emt 0:03:49] unterminated} 11. O-O {[%emt 0:02:24] unterminated} f6 {[%emt 0:01:51] unterminated} 12. exf6 Qxf6 {[%emt 0:00:46] unterminated} 13. Qb3 {[%emt 0:14:48] unterminated} Rad8 {[%emt 0:19:01] unterminated} 14. c5 {[%emt 0:16:22] unterminated} Nc8 $18 15. Rad1 N8e7 16. Bg5 Qf7 17. Bb5 Bxc3 18. bxc3 Rb8 19. Rde1 Nd5 20. Bd2 a6 21. Be2 Qe7 22. Kh1 Be4 23. Ng5 Rxf1+ 24. Rxf1 Bf5 25. Bf3 Qd7 26. Qa4 Rf8 27. Re1 h6 28. Ne4 Qf7 29. Ng3 Bd3 30. Qd1 Bg6 31. Qe2 Re8 32. Kg1 Re7 33. Qc4 Kh7 34. Qe2 Nf4 35. Bxf4 Qxf4 36. Qe3 Qf6 37. Ne4 Qf5 38. Ng3 Qf6 39. Be4 Bxe4 40. Qxe4+ Qg6 41. Kf2 Qxe4 42. Rxe4 Kg8 43. Ke3 Kf7 44. Rf4+ Ke8 45. Rf1 Kd7 46. Ke4 Nd8 47. Nh5 Ke8 48. h4 Rf7 49. Rf4 Rxf4+ 50. Nxf4 Kf7 51. Nd3 Ke7 52. Ne5 b6 53. cxb6 cxb6 54. g4 Nb7 55. c4 Nd6+ 56. Kd3 Nb7 57. a4 Kd6 58. Ke4 Nd8 {[%emt 0:01:22] normal} 59. Kf4 Ke7 60. g5 {[%emt 0:00:49] normal} Nb7 {[%emt 0:00:20] normal} 1/2-1/2

[Event "DVM U20 2019"]
[Site "Braunschweig"]
[Date "2019.12.30"]
[Round "7"]
[White "Wagner, Benjamin"]
[Black "Peukert, Marc"]
[Result "1-0"]
[ECO "B57"]
[WhiteElo "1994"]
[BlackElo "1518"]
[Annotator "NA"]
[PlyCount "41"]
[EventDate "2019.12.27"]
[EventType "team-tourn"]
[EventRounds "7"]
[EventCountry "GER"]
[SourceTitle "playchess.com"]
[Source "ChessBase"]
[SourceQuality "1"]
[WhiteTeam "SG Aufbau Elbe Magdeburg"]
[BlackTeam "USV TU Dresden"]
[TimeControl "40/5400+30:1800+30"]

1. e4 c5 2. Nf3 Nc6 3. d4 cxd4 4. Nxd4 d6 5. Nc3 {[%emt 0:00:20] unterminated} Nf6 6. Bc4 {[%emt 0:03:35] unterminated} g6 {[%emt 0:04:29] unterminated} 7. Nxc6 {[%emt 0:03:31] unterminated} bxc6 8. e5 {[%emt 0:02:37] unterminated} Nd7 9. exd6 {[%emt 0:01:53] unterminated} exd6 {[%emt 0:01:32] unterminated} 10. O-O {[%emt 0:13:00] unterminated} Ne5 {[%emt 0:12:46] unterminated} 11. Re1 Be7 {[%emt 0:01:38] unterminated} 12. Bb3 {[%emt 0:10:16] unterminated} O-O $16 13. Bf4 Ng4 14. h3 Nf6 15. Rxe7 Qxe7 16. Bxd6 Qd8 17. Bxf8 Qxf8 18. Qf3 Qe7 19. Qxc6 Bb7 20. Qa4 Nh5 21. Rd1 {[%emt 0:03:39] normal} 1-0

[Event "DVM U20 2019"]
[Site "Braunschweig"]
[Date "2019.12.30"]
[Round "7"]
[White "Wiegersma, Justus"]
[Black "Rauch, Sören"]
[Result "1-0"]
[ECO "C11"]
[WhiteElo "1975"]
[BlackElo "1901"]
[Annotator "NA"]
[PlyCount "73"]
[EventDate "2019.12.27"]
[EventType "team-tourn"]
[EventRounds "7"]
[EventCountry "GER"]
[SourceTitle "playchess.com"]
[Source "ChessBase"]
[SourceQuality "1"]
[WhiteTeam "SK Turm Kleve"]
[BlackTeam "SG Trier"]
[TimeControl "40/5400+30:1800+30"]

1. e4 e6 2. d4 d5 3. Nc3 Nf6 4. e5 Nfd7 5. f4 c5 6. Nf3 Nc6 7. Be3 {[%emt 0:00:03] unterminated} a6 {[%emt 0:05:38] unterminated} 8. Qd2 {[%emt 0:01:16] unterminated} b5 9. Be2 {[%emt 0:00:24] unterminated} Qb6 {[%emt 0:04:27] unterminated} 10. Nd1 {[%emt 0:09:00] unterminated} cxd4 {[%emt 0:05:19] unterminated unterminated. C11: French: Classical System: 4 e5 and 4 Bg5 dxe4} 11. Nxd4 {[%emt 0:01:46] unterminated} Nxd4 {[%emt 0:07:33] unterminated} 12. Bxd4 Bc5 13. c3 {[%emt 0:00:20] unterminated} Nb8 {[%emt 0:08:14] unterminated} (13... b4 14. O-O a5 15. Bg4 O-O 16. Ne3 Ba6 17. Rfe1 g6 18. Nxd5 exd5 19. Bxd7 {0-1 (43) Ponomariov,R (2712)-Wang,H (2717) Huaian 2016}) 14. Bxc5 $146 {[%emt 0:04:41] unterminated} ({Predecessor:} 14. Ne3 Nc6 15. Bxc5 Qxc5 16. Nc2 Bb7 17. b4 Qb6 18. Nd4 {½-½ (48) Souleidis,G (2421)-Kern,G (2340) Germany 2005}) 14... Qxc5 {[%emt 0:00:56] unterminated} 15. b4 {[%emt 0:02:56] unterminated} Qc7 {[%emt 0:02:38] unterminated} 16. Ne3 {[%emt 0:07:07] unterminated} Bd7 {[%emt 0:01:36] unterminated} 17. O-O O-O {[%emt 0:01:02] unterminated} 18. Rf3 {[%emt 0:08:18] unterminated} Rc8 {[%emt 0:01:56] unterminated} 19. Ng4 {[%emt 0:00:17] unterminated} Bc6 {[%emt 0:10:45] unterminated} 20. Rh3 {[%emt 0:01:45] unterminated} Nd7 21. Bd3 {[%emt 0:00:58] unterminated} Nf8 {[%emt 0:02:46] unterminated} 22. f5 $11 exf5 23. Bxf5 Bd7 24. Bxd7 Qxd7 25. Qg5 Qe6 26. Rf1 Qg6 27. Qh4 Ra7 28. Rg3 Qb6+ 29. Kh1 Ng6 30. Qg5 Qd8 31. Qh5 d4 32. Rh3 h6 33. e6 dxc3 34. exf7+ Rxf7 35. Nxh6+ gxh6 36. Qxg6+ Rg7 37. Qe6+ {[%emt 0:01:04] normal} 1-0

[Event "DVM U20 2019"]
[Site "Braunschweig"]
[Date "2019.12.30"]
[Round "7"]
[White "Wiesner, Alexander"]
[Black "Jurga, Jonas Vincent"]
[Result "0-1"]
[ECO "D36"]
[WhiteElo "1960"]
[BlackElo "1896"]
[Annotator "NA RC"]
[PlyCount "20"]
[EventDate "2019.12.27"]
[EventType "team-tourn"]
[EventRounds "7"]
[EventCountry "GER"]
[SourceTitle "playchess.com"]
[Source "ChessBase"]
[SourceQuality "1"]
[WhiteTeam "Karlsruher SF"]
[BlackTeam "OSG Baden-Baden"]
[TimeControl "40/5400+30:1800+30"]

1. d4 d5 2. c4 e6 3. Nc3 Nf6 4. cxd5 exd5 5. Bg5 c6 6. Qc2 h6 7. Bxf6 Qxf6 8. Nxd5 Qxd4 9. Nc7+ Kd8 10. Rd1 Bb4+ {[%emt 0:00:04] normal} 0-1

[Event "DVM U20 2019"]
[Site "Braunschweig"]
[Date "2019.12.30"]
[Round "7"]
[White "Gorainow, Nikita"]
[Black "McPherson, Elisha"]
[Result "1/2-1/2"]
[ECO "C10"]
[WhiteElo "1946"]
[BlackElo "1975"]
[Annotator "NA"]
[PlyCount "30"]
[EventDate "2019.12.27"]
[EventType "team-tourn"]
[EventRounds "7"]
[EventCountry "GER"]
[SourceTitle "playchess.com"]
[Source "ChessBase"]
[SourceQuality "1"]
[WhiteTeam "SF Essen-Katernberg"]
[BlackTeam "SF Augsburg"]
[TimeControl "40/5400+30:1800+30"]

1. e4 e6 2. d4 d5 3. Nc3 {[%emt 0:00:00] unterminated} dxe4 4. Nxe4 Bd7 $14 5. Nf3 Bc6 6. Bd3 Nd7 7. O-O Ngf6 8. Qe2 Nxe4 9. Bxe4 Bxe4 10. Qxe4 c6 11. c4 Be7 12. Bf4 O-O 13. Rfd1 Qb6 14. Qc2 Nf6 15. Rd3 a5 {[%emt 0:05:59] normal} 1/2-1/2

[Event "DVM U20 2019"]
[Site "Braunschweig"]
[Date "2019.12.30"]
[Round "7"]
[White "Tiedemann, Fin Niklas"]
[Black "Freiherr von Hauff, Christopher"]
[Result "1-0"]
[ECO "C55"]
[WhiteElo "1936"]
[BlackElo "1868"]
[Annotator "NA"]
[PlyCount "26"]
[EventDate "2019.12.27"]
[EventType "team-tourn"]
[EventRounds "7"]
[EventCountry "GER"]
[SourceTitle "playchess.com"]
[Source "ChessBase"]
[SourceQuality "1"]
[WhiteTeam "Lübecker SV"]
[BlackTeam "SK Bebenhausen"]
[TimeControl "40/5400+30:1800+30"]

1. e4 e5 2. Nf3 Nc6 3. Bc4 Nf6 4. d3 d5 5. exd5 Nxd5 6. O-O Bc5 7. Nbd2 O-O 8. Ne4 Be7 9. h3 Nb6 10. Bb3 a5 11. a3 Nd4 12. Ba2 {[%emt 0:06:10] unterminated} Bf6 13. Re1 {[%emt 0:03:10] unterminated} Be6 $16 {[%emt 0:08:24] normal} 1-0

[Event "DVM U20 2019"]
[Site "Braunschweig"]
[Date "2019.12.30"]
[Round "7"]
[White "Triantafillidis, Simeon"]
[Black "Hennemann, Florian"]
[Result "1/2-1/2"]
[ECO "B98"]
[WhiteElo "1931"]
[BlackElo "1865"]
[Annotator "NA"]
[PlyCount "90"]
[EventDate "2019.12.27"]
[EventType "team-tourn"]
[EventRounds "7"]
[EventCountry "GER"]
[SourceTitle "playchess.com"]
[Source "ChessBase"]
[SourceQuality "1"]
[WhiteTeam "SF HN-Biberach"]
[BlackTeam "Sges Bensheim"]
[TimeControl "40/5400+30:1800+30"]

1. e4 c5 2. Nf3 d6 3. d4 cxd4 4. Nxd4 Nf6 5. Nc3 a6 6. Bg5 e6 {[%emt 0:00:00] unterminated} 7. f4 Be7 8. Qf3 Nc6 9. O-O-O Qb6 10. Nxc6 Qxc6 11. Qg3 {[%emt 0:02:22] B98: Sicilian Najdorf: 6 Bg5 e6 7 f4 Be7, sidelines} h6 12. Bxf6 Bxf6 13. e5 dxe5 14. fxe5 Bg5+ 15. Kb1 O-O 16. Be2 Bd7 {[%emt 0:02:23] [#]} 17. Bf3 $146 ({Predecessor:} 17. Rd6 Qc7 18. Ne4 Bb5 19. Nxg5 {½-½ (19) Izoria,Z (2583)-Corrales Jimenez,F (2601) Philadelphia 2013}) 17... Qc7 18. Ne4 Be7 19. Rxd7 Qxd7 20. Nf6+ Bxf6 21. exf6 {[%emt 0:00:01] unterminated} g6 {[%emt 0:07:52] unterminated} 22. Rd1 {[%emt 0:03:48] unterminated} Qb5 $19 23. h4 Qf5 24. Bxb7 Rab8 25. Bxa6 Qxf6 26. c3 Rb6 27. Bc4 Rfb8 28. Bb3 Qf5+ 29. Qd3 Qg4 30. g3 Rb5 31. Rf1 R8b7 32. Rf4 Qh3 33. Qf3 Re7 34. Bc2 f5 35. Bb3 Rb8 36. Rd4 Kg7 37. Qd3 Qh1+ 38. Kc2 Qg2+ 39. Kb1 Qb7 40. Rd6 Rbe8 41. Ba4 Rf8 42. Bb3 e5 43. Rd8 Qh1+ 44. Kc2 Qg2+ 45. Kb1 Qh1+ {[%emt 0:00:23] normal} 1/2-1/2

[Event "DVM U20 2019"]
[Site "Braunschweig"]
[Date "2019.12.30"]
[Round "7"]
[White "Dornieden, Jonas"]
[Black "Meyling, Lennart"]
[Result "1-0"]
[ECO "D35"]
[WhiteElo "1912"]
[BlackElo "1955"]
[Annotator "NA"]
[PlyCount "119"]
[EventDate "2019.12.27"]
[EventType "team-tourn"]
[EventRounds "7"]
[EventCountry "GER"]
[SourceTitle "playchess.com"]
[Source "ChessBase"]
[SourceQuality "1"]
[WhiteTeam "SK Lehrte 1919"]
[BlackTeam "Hamburger SK"]
[TimeControl "40/5400+30:1800+30"]

1. d4 d5 2. c4 e6 3. Nc3 Nf6 4. cxd5 exd5 5. Bg5 Be7 6. e3 c6 7. Bd3 Nbd7 {[%emt 0:00:13] unterminated} 8. Nf3 O-O 9. O-O {[%emt 0:00:24] unterminated} Re8 10. Qc2 Nf8 11. h3 Ne4 {[%emt 0:02:20] unterminated} 12. Bxe7 {[%emt 0:05:45] D36: Queen's Gambit Declined: Exchange Variation: Main line (5 Bg5 c6 6 Qc2)} Qxe7 {[%emt 0:00:34] unterminated} 13. Rab1 (13. Bxe4 dxe4 14. Nd2 f5 15. Nc4 Ng6 16. f4 exf3 17. Rxf3 Be6 18. Qd3 Rad8 19. Rf2 Kh8 20. Nd2 c5 21. Nf3 a6 22. Rd1 {1-0 (85) Sarana,A (2618)-Short,N (2646) Moscow 2018}) 13... a5 {[%emt 0:04:50] unterminated} 14. Na4 {[%emt 0:10:05] unterminated} Qc7 {[%emt 0:04:42] unterminated} 15. a3 {[%emt 0:05:01] unterminated} f5 $146 {[%emt 0:06:37] unterminated} ({Predecessor:} 15... Bf5 16. Nh4 Bg6 17. Nxg6 Nxg6 18. b4 axb4 19. Rxb4 Qa5 20. Bxe4 dxe4 {1-0 (73) Nazarenus,M (2110)-Wolter,J (1817) Baunatal 2002}) 16. Ne5 {[%emt 0:05:59] unterminated} Nd7 {[%emt 0:04:58] unterminated} 17. f4 {[%emt 0:03:05] unterminated} Rb8 {[%emt 0:07:12] unterminated} 18. Bxe4 {[%emt 0:02:53] unterminated} fxe4 {[%emt 0:01:16] unterminated} 19. Nc3 {[%emt 0:09:11] unterminated} Qd8 {[%emt 0:03:08] unterminated} 20. Qf2 {[%emt 0:11:27] unterminated} Rf8 $14 21. Qg3 {[%emt 0:01:58] unterminated} Rf6 {[%emt 0:02:17] unterminated} 22. Ng4 {[%emt 0:06:48] unterminated} Rd6 (22... Rf8 $1 $14) 23. f5 Nf6 24. Qe5 Qf8 25. Nxf6+ gxf6 26. Qg3+ Kh8 27. Rf4 b6 28. Rbf1 Rb7 29. Rg4 Rdd7 30. Qh4 Rg7 31. Rg6 Rbf7 32. Na4 Qd8 33. g4 Kg8 34. Rxg7+ Rxg7 35. Qg3 Ba6 36. Rc1 Bb5 37. Nc3 Bc4 38. Nxe4 Bd3 39. Nf2 Bxf5 40. Rxc6 h5 41. Qd6 Qxd6 42. Rxd6 hxg4 43. hxg4 Bb1 44. Rxf6 Re7 45. Rxb6 Rxe3 46. Rb5 Ba2 47. Rxa5 Rb3 48. Rxd5 Rxb2 49. Rd8+ Kf7 50. Nd3 Rb1+ 51. Kf2 Ke7 52. Ra8 Kf6 53. Ne5 Rb3 54. a4 Kg5 55. a5 Kf4 56. a6 Rb2+ 57. Ke1 Ke3 58. Kd1 Kxd4 59. a7 Bd5 60. Rd8 {[%emt 0:00:06] normal} 1-0

[Event "DVM U20 2019"]
[Site "Braunschweig"]
[Date "2019.12.30"]
[Round "7"]
[White "Kaiser, Frederic"]
[Black "Eurich, Alexander"]
[Result "1/2-1/2"]
[ECO "B31"]
[WhiteElo "1901"]
[BlackElo "1741"]
[Annotator "NA"]
[PlyCount "89"]
[EventDate "2019.12.27"]
[EventType "team-tourn"]
[EventRounds "7"]
[EventCountry "GER"]
[SourceTitle "playchess.com"]
[Source "ChessBase"]
[SourceQuality "1"]
[WhiteTeam "Sges Bensheim"]
[BlackTeam "SF HN-Biberach"]
[TimeControl "40/5400+30:1800+30"]

1. e4 c5 2. Nf3 Nc6 3. Bb5 g6 {[%emt 0:00:00] unterminated} 4. c3 Bg7 5. O-O {[%emt 0:00:26] unterminated} Nf6 {[%emt 0:01:09] unterminated} 6. Re1 O-O {[%emt 0:00:55] unterminated} 7. d4 {[%emt 0:01:26] unterminated} cxd4 8. cxd4 {[%emt 0:00:27] unterminated} d5 {[%emt 0:08:10] unterminated} 9. e5 {[%emt 0:02:34] unterminated} Ne8 {[%emt 0:01:16] unterminated} 10. Bxc6 bxc6 {[%emt 0:00:18] unterminated} 11. Qc2 {[%emt 0:00:42] unterminated} Qb6 {[%emt 0:02:01] unterminated} 12. Bf4 {[%emt 0:09:49] unterminated} Nc7 {[%emt 0:06:42] unterminated} 13. Nc3 {[%emt 0:08:31] unterminated} Bf5 14. Qd2 Ne6 {[%emt 0:00:34] unterminated} 15. Bg3 {[%emt 0:01:51] unterminated} a5 $11 16. b3 Rfd8 17. Rac1 Rac8 18. Na4 Qb4 19. Qxb4 axb4 20. Nc5 Bh6 21. Nxe6 Bxe6 22. Rc5 Bd7 23. Bh4 Bf8 24. Re2 Re8 25. Ne1 e6 26. Rc1 c5 27. dxc5 Rxc5 28. Rec2 Rec8 29. Bg5 Rxc2 30. Rxc2 Ra8 31. f3 Bb5 32. Kf2 d4 33. Bd2 d3 34. Rb2 Rd8 35. f4 Be7 36. Nf3 f6 37. Be3 Rc8 38. Nd4 Ba6 39. Nxe6 fxe5 40. fxe5 Rc6 41. Nf4 Rc8 42. Nd5 Bf8 43. Rd2 Kf7 44. Nb6 {[%emt 0:05:55] normal} Rc6 {[%emt 0:01:51] normal} 45. Nc4 {[%emt 0:02:59] normal} 1/2-1/2

[Event "DVM U20 2019"]
[Site "Braunschweig"]
[Date "2019.12.30"]
[Round "7"]
[White "Waffenschmidt, Lars"]
[Black "Poghosyan, Tigran"]
[Result "0-1"]
[ECO "B22"]
[WhiteElo "1885"]
[BlackElo "2302"]
[Annotator "ChessBase"]
[PlyCount "20"]
[EventDate "2019.12.27"]
[EventType "team-tourn"]
[EventRounds "7"]
[EventCountry "GER"]
[SourceTitle "playchess.com"]
[Source "ChessBase"]
[SourceQuality "1"]
[WhiteTeam "SK Bebenhausen"]
[BlackTeam "Lübecker SV"]
[TimeControl "40/5400+30:1800+30"]

1. e4 c5 2. c3 d5 3. exd5 Qxd5 4. d4 Nc6 5. Nf3 Bf5 6. Be3 Nf6 7. Na3 e6 8. Qa4 cxd4 9. Nb5 Qd7 10. Nbxd4 Bd6 {normal} 0-1

[Event "DVM U20 2019"]
[Site "Braunschweig"]
[Date "2019.12.30"]
[Round "7"]
[White "Schamschurko, Andre"]
[Black "Biastoch, Bennet"]
[Result "1/2-1/2"]
[ECO "B24"]
[WhiteElo "1868"]
[BlackElo "2242"]
[Annotator "RC"]
[PlyCount "29"]
[EventDate "2019.12.27"]
[EventType "team-tourn"]
[EventRounds "7"]
[EventCountry "GER"]
[SourceTitle "playchess.com"]
[Source "ChessBase"]
[SourceQuality "1"]
[WhiteTeam "USV TU Dresden"]
[BlackTeam "SG Aufbau Elbe Magdeburg"]
[TimeControl "40/5400+30:1800+30"]

1. e4 c5 2. Nc3 Nc6 3. Bb5 Nd4 4. Bc4 a6 5. d3 e6 6. Nge2 b5 7. Bb3 Nxb3 8. axb3 Bb7 9. O-O Nf6 10. f4 d5 11. e5 d4 12. exf6 dxc3 13. f5 Qxf6 14. fxe6 cxb2 15. exf7+ {[%emt 0:00:05] normal} 1/2-1/2